 Dungeon Crawl Stone Soup version 0.18.1-50-g88ac8fd (webtiles) character file.

56124 Vatticson the Bludgeoner (level 14, -8/136 HPs)
             Began as a Hill Orc Berserker on Oct 8, 2016.
             Was a High Priest of Trog.
             Killed by divine providence
             ... invoked by an orc priest
              (15 damage)
             ... on level 2 of the Orcish Mines on Oct 9, 2016.
             The game lasted 02:53:16 (30449 turns).

Vatticson the Bludgeoner (Hill Orc Berserker)      Turns: 30449, Time: 02:53:17

Health: -8/136     AC: 23    Str: 23    XL:     14   Next: 80%
Magic:  4/4        EV:  6    Int:  7    God:    Trog [*****.]
Gold:   1003       SH: 11    Dex: 16    Spells: 0 memorised, 13 levels left

rFire  . . .     SeeInvis .     A - +4 morningstar (antimagic)
rCold  . . .     Gourm    .     F - +3 plate armour
rNeg   . . .     Faith    .     S - +0 shield {AC+3}
rPois  .         Spirit   .     (no helmet)
rElec  .         Dismiss  .     (no cloak)
rCorr  .         Reflect  .     L - +0 pair of gloves
SustAt .         Harm     .     (no boots)
MR     +....                    q - amulet of rage
Stlth  ..........               U - ring of flight
                                r - +4 ring of dexterity

@: exhausted, very slightly contaminated, hasted and slowed, somewhat resistant
to hostile enchantments, extremely unstealthy
A: no striking features
a: Berserk, Trog's Hand, Brothers in Arms, Burn Spellbooks, Renounce Religion,
Convert to Beogh, Evoke Berserk Rage, Evoke Flight


You were on level 2 of the Orcish Mines.
You worshipped Trog.
Trog was extremely pleased with you.
You were not hungry.

You visited 4 branches of the dungeon, and saw 21 of its levels.
You also visited: Labyrinth and Ice Cave.

You collected 1727 gold pieces.
You spent 724 gold pieces at shops.

Inventory:

Hand Weapons
 p - a +2 antimagic dire flail
 w - a +2 flail of draining
 A - a +4 antimagic morningstar (weapon)
 Y - a +5 longbow of flaming
Missiles
 f - a throwing net
 v - 229 arrows
 T - a javelin (quivered)
Armour
 F - a +3 plate armour (worn)
 L - a +0 pair of gloves (worn)
 S - a +0 shield of protection (worn)
Jewellery
 a - an uncursed amulet of the gourmand
 q - an amulet of rage (around neck)
 r - a +4 ring of dexterity (left hand)
 u - an uncursed ring of resist corrosion
 y - an uncursed ring of positive energy
 z - an uncursed ring of protection from magic
 D - an uncursed ring of stealth {unknown}
 E - an uncursed amulet of harm {unknown}
 O - an uncursed ring of sustain attributes {unknown}
 U - a ring of flight (right hand)
Wands
 c - a wand of iceblast (0/15)
 e - a wand of acid (4/15)
 i - a wand of confusion (24/48)
 j - a wand of flame (16/48)
 k - a wand of teleportation (2/9)
 l - a wand of iceblast (3/15)
 m - a wand of enslavement (12/24)
 t - a wand of polymorph (6/24)
 B - a wand of flame (12/48)
 G - a wand of iceblast (1/15)
 R - a wand of paralysis (15/24)
 X - a wand of teleportation (2/9)
Scrolls
 g - 4 scrolls of magic mapping
 h - 4 scrolls of recharging
 x - 4 scrolls of teleportation
 C - 5 scrolls of fear
 M - 2 scrolls of fog
Potions
 d - a potion of agility
 o - a potion of cure mutation
 s - 2 potions of curing
 H - a potion of might
 I - 3 potions of brilliance
 P - 2 potions of lignification
 Z - 2 potions of ambrosia
Comestibles
 K - 7 meat rations
 V - 3 fruits


   Skills:
 * Level 15.9 Fighting
 * Level 16.9 Maces & Flails
 - Level 5.1 Bows
 - Level 1.0 Throwing
 + Level 13.0 Armour
 - Level 1.5 Dodging
 + Level 6.2 Shields


You had 13 spell levels left.
You didn't know any spells.

Dungeon Overview and Level Annotations

Branches:
Dungeon (12/15)            Temple (1/1) D:7            Lair (6/8) D:11
  Swamp (0/4) Lair:5        Snake (0/4) Lair:3          Orc (2/2) D:10
  Slime: Lair:6-8       Elf: Orc:2

Altars:
Ashenzari
Cheibriados
Dithmenos
Elyvilon
Fedhas
Gozag
Kikubaaqudgha
Makhleb
Nemelex Xobeh
Okawaru
Pakellas
Qazlal
Ru
Trog
Vehumet
Yredelemnul
Zin
The Shining One

Shops:
D:7 *   D:12 }   Orc:2 !*

Annotations:
D:4 Menkaure
Orc:2 Josephine


Message History

You bludgeon the troll!!
The troll is heavily wounded.
Things that are here:
a trident; a chain mail You closely miss the troll.
The troll is heavily wounded.
The troll bites you.
* * * LOW HITPOINT WARNING * * *
You block the troll's attack. x2
The orc priest invokes the aid of Beogh against you.
Beogh smites you!
* * * LOW HITPOINT WARNING * * *
Items here: )) [[ a flail; a leather armour; a trident; a ring mail You see here a leather armour.
Things that are here:
a halberd; a chain mail The orc priest invokes the aid of Beogh against you.
Beogh smites you!
You die...

#...## ##.o)..oo... ##...##
##oo#)#.o...# #.....## ####
##o.##.o..#... .......#
##..## ##.o###)o.###..
......## #....##
##)O###...## ##. ..##.###
#....###)o###...## ##
...####.###....#.O)###...##
# ...###.....).....T###...#
..).# #.........@###.#.#
....#####.......###...#
.....###.........###.#
##...##)..........###
###..#)......#.#.##
#.....#)..########
......##### .)..### ..###
...## ###.#.#


You could see a troll, 2 orc warriors, 2 ogres, 2 orc priests and an orc.

Vanquished Creatures
  An orc warlord (Orc:1)
  Maud (D:12)
  Snorg (Orc:2)
  A minotaur (Lab)
  Harold (Lair:1)
  Fannar (Lair:3)
  5 hydras
  A catoblepas (Lair:5)
  A death knight (D:10)
  5 death yaks (Lair:4)
  A tengu warrior (D:10)
  A queen ant (D:12)
  A soul eater (Orc:2)
  An unseen horror (D:10)
  Pikel (D:5)
  A hill giant (D:11)
  4 orc knights (Orc:2)
  An orc sorcerer (Orc:2)
  2 griffons (Lair:4)
  A sixfirhy (Orc:2)
  4 ugly things
  A cyclops (D:11)
  2 centaur zombies
  4 black mambas
  A gargoyle (D:10)
  A centaur skeleton (D:10)
  8 spiny frogs
  2 rime drakes (Lair:6)
  A kobold demonologist (D:12)
  An efreet (D:12)
  8 komodo dragons
  An ice devil (Orc:2)
  A merfolk (D:10)
  A minotaur zombie (Lab)
  3 polar bears
  4 trolls
  A minotaur skeleton (Lab)
  A slime creature (D:10)
  3 two-headed ogres
  A shadow (D:10)
  6 wraiths
  Eustachio (D:4)
  15 yaks
  3 wyverns
  2 hungry ghosts
  A human (D:10)
  7 hippogriffs
  3 wargs
  13 soldier ants (D:12)
  3 nagas (Lair:3)
  12 water moccasins
  6 porcupines
  4 ice beasts
  30 orc warriors
  A slave (D:5)
  A hornet simulacrum (D:12)
  A phantom (D:7)
  2 sky beasts
  An eye of draining (D:8)
  13 ogres
  12 wolves (Lair:6)
  4 centaurs
  6 crocodiles
  4 big kobolds
  7 giant frogs
  5 gnoll sergeants (D:10)
  A water moccasin zombie (D:5)
  A scorpion (Lair:5)
  A water moccasin skeleton (D:4)
  6 killer bees (D:9)
  4 wights (D:8)
  5 electric eels
  5 howler monkeys
  10 crimson imps
  4 lava snakes (Lab)
  2 giant frog zombies
  A quasit (D:10)
  A jelly (D:11)
  8 orc wizards
  19 orc priests
  Crazy Yiuf (D:6)
  6 hounds
  4 giant frog skeletons
  6 iguanas
  46 worker ants
  Ijyb (D:3)
  20 sheep
  2 hound zombies
  3 hound skeletons
  3 worker ant zombies
  Robin (D:4)
  11 gnolls
  11 adders
  57 river rats
  4 shadow imps
  17 white imps
  7 ufetubi (IceCv)
  2 adder skeletons
  A worm (D:2)
  2 dart slugs (D:1)
  3 giant geckos
  80 orcs
  6 bats
  7 giant cockroaches
  23 goblins
  10 hobgoblins
  5 jackals (D:6)
  4 quokkas
  A ball python (D:5)
  A ball python zombie (D:5)
  5 giant newts
  18 kobolds
  2 quokka zombies
  4 rats
  3 plants (Lair:6)
689 creatures vanquished.

Vanquished Creatures (collateral kills)
  Donald (Orc:2)
  An orc knight (Orc:2)
  3 orc warriors (Orc:2)
  6 orcs (Orc:2)
11 creatures vanquished.

Vanquished Creatures (others)
  A centaur skeleton (D:10)
  A big kobold (D:10)
  A crimson imp (D:5)
  A hound (D:5)
  A gnoll (D:10)
  A white imp (IceCv)
  2 ufetubi (IceCv)
  An orc (D:5)
  A kobold (D:10)
  6 fungi
  2 plants
18 creatures vanquished.

Grand Total: 718 creatures vanquished

Notes
Turn   | Place    | Note
--------------------------------------------------------------
     0 | D:1      | Vatticson the Hill Orc Berserker began the quest for the Orb.
     0 | D:1      | Reached XP level 1. HP: 19/19 MP: 1/1
   265 | D:1      | Reached XP level 2. HP: 26/26 MP: 2/2
   399 | D:1      | Reached skill level 4 in Maces & Flails
   831 | D:1      | Reached XP level 3. HP: 28/31 MP: 3/3
   873 | D:1      | Reached ** piety under Trog
  1138 | D:2      | Gained mutation: Your mind is acute. (Int +2) [potion of beneficial mutation]
  1282 | D:2      | Found a sparkling altar of Nemelex Xobeh.
  1858 | D:2      | Reached skill level 5 in Maces & Flails
  2124 | D:3      | Reached XP level 4. HP: 39/39 MP: 4/4
  2634 | D:3      | Noticed Ijyb
  2652 | D:3      | Killed Ijyb
  2652 | D:3      | Reached skill level 6 in Maces & Flails
  2652 | D:3      | Reached XP level 5. HP: 45/45 MP: 5/5
  2732 | D:3      | Found an oddly glowing altar of Pakellas.
  3162 | D:4      | Reached skill level 7 in Maces & Flails
  3233 | D:4      | Noticed an ogre
  3255 | D:4      | Killed an ogre
  3255 | D:4      | Reached XP level 6. HP: 51/51 MP: 6/6
  3316 | D:4      | Noticed Robin
  3352 | D:4      | Reached *** piety under Trog
  3386 | D:4      | Killed Robin
  3456 | D:4      | Noticed Menkaure
  3861 | D:4      | Reached skill level 8 in Maces & Flails
  3865 | D:4      | Reached XP level 7. HP: 42/57 MP: 7/7
  3867 | D:4      | Noticed Eustachio
  4039 | D:4      | Reached skill level 9 in Maces & Flails
  4312 | D:4      | Killed Eustachio
  4859 | D:5      | Entered Level 5 of the Dungeon
  4861 | D:5      | Noticed Pikel
  5182 | D:5      | Reached skill level 10 in Maces & Flails
  5182 | D:5      | Reached XP level 8. HP: 64/66 MP: 8/8
  5327 | D:5      | Killed Pikel
  5327 | D:5      | Reached skill level 5 in Fighting
  5651 | D:5      | Reached skill level 11 in Maces & Flails
  5759 | D:5      | Reached **** piety under Trog
  5778 | D:5      | Found an iron altar of Okawaru.
  6234 | D:6      | Reached XP level 9. HP: 60/75 MP: 9/9
  6589 | D:6      | Noticed Crazy Yiuf
  6596 | D:6      | Killed Crazy Yiuf
  6775 | D:6      | Found a blossoming altar of Fedhas.
  7209 | D:7      | Found Picseudd's General Store.
  7209 | D:7      | Found a staircase to the Ecumenical Temple.
  7356 | D:7      | Found a stormy altar of Qazlal.
  7447 | D:7      | Reached skill level 5 in Armour
  8257 | D:7      | Reached skill level 12 in Maces & Flails
  8575 | D:7      | Found a shadowy altar of Dithmenos.
  8813 | D:7      | Lost mutation: Your mind is acute. (Int +2) [potion of mutation]
  8813 | D:7      | Gained mutation: Your skin changes colour to match your surroundings (Stealth). [potion of mutation]
  8813 | D:7      | Gained mutation: You have a pair of small horns on your head. [potion of mutation]
  9047 | D:8      | Noticed a six-headed hydra
  9056 | D:8      | Killed a six-headed hydra
  9056 | D:8      | Reached skill level 13 in Maces & Flails
  9065 | D:8      | Reached XP level 10. HP: 51/84 MP: 10/10
  9488 | D:8      | Reached skill level 14 in Maces & Flails
  9600 | D:8      | Found a radiant altar of Vehumet.
 10801 | D:9      | Found a burning altar of Makhleb.
 10813 | D:9      | Got a heavily runed turquoise ring
 11784 | D:7      | Bought a +4 ring of dexterity for 324 gold pieces
 11802 | Temple   | Entered the Ecumenical Temple
 11975 | D:10     | Entered Level 10 of the Dungeon
 12042 | D:10     | Reached ***** piety under Trog
 12213 | D:10     | Reached XP level 11. HP: 88/95 MP: 11/11
 12234 | D:10     | Reached skill level 1 in Shields
 12315 | D:10     | Received a gift from Trog
 12351 | D:10     | Noticed a tengu warrior
 12402 | D:10     | Killed a tengu warrior
 12940 | D:10     | Reached skill level 10 in Fighting
 13092 | D:10     | Found a staircase to the Orcish Mines.
 13122 | D:10     | Noticed a death knight
 13150 | D:10     | Killed a death knight
 13357 | D:10     | Noticed an eight-headed hydra
 13370 | D:10     | Killed an eight-headed hydra
 13465 | D:10     | Noticed a brown ugly thing
 13466 | D:10     | Noticed a cyan ugly thing
 13473 | D:10     | Killed a brown ugly thing
 13485 | D:10     | Killed a cyan ugly thing
 13691 | D:10     | Killed an unseen horror
 13691 | D:10     | Reached skill level 10 in Armour
 14135 | Orc:1    | Entered Level 1 of the Orcish Mines
 14137 | Orc:1    | Noticed an orc warlord
 14473 | D:10     | Reached XP level 12. HP: 99/110 MP: 12/12
 14478 | D:11     | Found a staircase to the Lair.
 14864 | D:11     | Reached skill level 5 in Shields
 15876 | D:12     | Noticed Maud
 15895 | D:12     | Killed Maud
 16091 | D:12     | Found Cyzxue's Gadget Shoppe.
 16211 | D:12     | Reached skill level 1 in Throwing
 16236 | D:12     | Received a gift from Trog
 16302 | D:12     | Noticed a queen ant
 16333 | D:12     | Killed a queen ant
 16341 | D:12     | Reached skill level 1 in Bows
 17032 | D:12     | Received a gift from Trog
 17490 | Lair:1   | Entered Level 1 of the Lair of Beasts
 17574 | Lair:1   | Reached XP level 13. HP: 116/122 MP: 13/13
 17659 | Lair:1   | Got a scorched ring mail
 18116 | Lair:1   | Reached skill level 15 in Maces & Flails
 18127 | Lair:1   | Noticed Harold
 18147 | Lair:1   | Killed Harold
 19955 | Lair:3   | Found a staircase to the Snake Pit.
 20419 | Lair:3   | Noticed Fannar
 20442 | Lair:3   | Killed Fannar
 21543 | Lair:4   | Received a gift from Trog
 22394 | Lair:5   | Found a staircase to the Swamp.
 22474 | Lair:5   | Found a frozen archway.
 22628 | IceCv    | Entered an ice cave
 23242 | Lair:5   | Received a gift from Trog
 23242 | Lair:5   | Reached skill level 16 in Maces & Flails
 23457 | Lair:5   | Reached XP level 14. HP: 108/133 MP: 14/14
 23863 | Lair:6   | Identified a scroll of acquirement
 25061 | Lair:6   | Reached skill level 15 in Fighting
 25492 | Orc:1    | Killed an orc warlord
 25514 | Orc:1    | Received a gift from Trog
 26317 | Orc:2    | Entered Level 2 of the Orcish Mines
 26318 | Orc:2    | Noticed Snorg
 26330 | Orc:2    | Killed Snorg
 26330 | Orc:2    | Reached skill level 5 in Bows
 26422 | Orc:2    | Found a labyrinth entrance.
 26447 | Lab      | Entered a labyrinth
 27823 | Lab      | Lost mutation: You have a pair of small horns on your head. [potion of cure mutation]
 27823 | Lab      | Lost mutation: Your skin changes colour to match your surroundings (Stealth). [potion of cure mutation]
 28786 | Orc:2    | Received a gift from Trog
 28799 | Orc:2    | Found Codiaz's Distillery.
 29233 | Orc:2    | Found Puivaces's General Store.
 29782 | Orc:2    | Bought a potion of heal wounds for 65 gold pieces
 29782 | Orc:2    | Bought a scroll of enchant weapon for 97 gold pieces
 29825 | Orc:2    | Bought a potion of might for 68 gold pieces
 29825 | Orc:2    | Bought a potion of curing for 51 gold pieces
 29825 | Orc:2    | Bought a potion of curing for 51 gold pieces
 29837 | Orc:2    | Bought a potion of agility for 68 gold pieces
 29850 | Orc:2    | Noticed Donald
 29851 | Orc:2    | Noticed Josephine
 29938 | Orc:2    | Killed Donald
 30445 | Orc:2    | HP: 6/136 [orc priest/divine providence (12)]
 30449 | Orc:2    | Killed from afar by an orc priest

Skill      XL: |  1  2  3  4  5  6  7  8  9 10 11 12 13 14 |
---------------+-------------------------------------------+-----
Maces & Flails | 4 5 6 7 8 10 11 13 14 16 | 16.9
Fighting       | 5 6 8 11 13 14 15 | 15.9
Armour         | 4 5 7 10 11 12 13 | 13.0
Shields        | 4 5 6 |  6.2
Throwing       | 1 |  1.0
Bows           | 1 4 5 |  5.1
Dodging        | |  1.5

Action                   |  1- 3 |  4- 6 |  7- 9 | 10-12 | 13-15 || total
-------------------------+-------+-------+-------+-------+-------++-------
Melee: Mace              |   133 |   143 |   108 |       |       ||   384
       Flail             |       |       |   321 |  1099 |   967 ||  2387
       Headbutt          |       |       |     5 |   304 |   241 ||   550
       Morningstar       |       |       |       |       |   205 ||   205
 Fire: Longbow           |       |       |       |       |    45 ||    45
Throw: Stone             |     9 |     5 |     4 |     1 |       ||    19
       Throwing net      |       |     2 |       |     1 |     3 ||     6
       Javelin           |       |       |     2 |    14 |     4 ||    20
Invok: Berserk           |     1 |     2 |     3 |       |     3 ||     9
       Burn Spellbooks   |       |       |       |     1 |     3 ||     4
       Trog's Hand       |       |       |       |     2 |     1 ||     3
       Brothers in Arms  |       |       |       |     1 |     2 ||     3
 Abil: Evoke Berserk Rag |       |       |       |     3 |     4 ||     7
       Evoke Flight      |       |       |       |       |     1 ||     1
Evoke: Wand              |       |       |     5 |     4 |    10 ||    19
  Use: Scroll            |     4 |     3 |    11 |     6 |    13 ||    37
       Potion            |     4 |     1 |     3 |    12 |    12 ||    32
  Eat: Bread ration      |     1 |     1 |     1 |     5 |     2 ||    10
       Meat ration       |       |     1 |     3 |     1 |     6 ||    11
       Pizza             |       |       |     1 |       |     1 ||     2
       Beef jerky        |       |       |       |     1 |     3 ||     4
       Royal jelly       |       |       |       |       |     2 ||     2
       Fruit             |       |       |       |       |     2 ||     2
Armor: Animal skin       |     6 |       |       |       |       ||     6
       Scale mail        |    40 |       |       |       |       ||    40
       Plate armour      |    45 |    96 |   238 |   494 |   560 ||  1433
       Skin              |       |       |       |     1 |       ||     1
Dodge: Dodged            |    70 |    34 |   117 |   192 |   264 ||   677
Block: Buckler           |       |    18 |    45 |    35 |       ||    98
       Shield            |       |       |       |   252 |   528 ||   780
